 Dungeon Crawl Stone Soup version 0.32-a0-779-g362cfcae2a (webtiles) character file.

Game seed: 14131558737005246490

11 Esekla the Sneak (level 2, -2/21 HPs)
             Began as an Octopode Delver on Mar 19, 2024.
             Slain by an iguana (4 damage)
             ... on level 5 of the Dungeon.
             The game lasted 00:06:06 (513 turns).

Esekla the Sneak (Octopode Delver)                   Turns: 513, Time: 00:06:06

Health: -2/21      AC:  1    Str: 11    XL:     2   Next: 25%
Magic:  2/2        EV: 12    Int: 12    God:
Gold:   31         SH:  0    Dex: 13    Spells: 1/1 levels left

rFire   + . .        a - +0 falchion
rCold   + . .        (no shield)
rNeg    . . .        (helmet restricted)
rPois   +            (no amulet)
rElec   +            (no ring)
rCorr   +            (no ring)
SInv    .            (no ring)
Will    .....        (no ring)
Stlth   ++++         (no ring)
HPRegen 0.23/turn    (no ring)
MPRegen 0.08/turn    (no ring)
                     (no ring)

%: no passive effects
@: resistant, attractive
A: almost no armour, amphibious, 8 rings, camouflage 1, gelatinous body 1,
(nimble swimmer 1), tentacles
a: no special abilities


You were on level 5 of the Dungeon.
You visited 1 branch of the dungeon, and saw 1 of its levels.

You collected 31 gold pieces.

Inventory:

Hand Weapons
 a - a +0 falchion (weapon)
Wands
 f - a wand of digging (2)
Scrolls
 b - a scroll of fog
Potions
 d - a potion of curing


   Skills:
 * Level 3.1 Fighting
 + Level 2.0 Long Blades
 * Level 2.1 Dodging
 + Level 6.8 Stealth
 * Level 0.2 Spellcasting
 * Level 0.3 Ice Magic


You had one spell level left.
You didn't know any spells.
Your spell library contained the following spells:

 Spells                   Type           Power      Damage    Failure   Level
 Apportation              Tloc           0%         N/A       32%         1
 Necrotise                Necr           0%         1d4       32%         1
 Sting                    Conj/Alch      0%         1d3       32%         1
 Summon Small Mammal      Summ           0%         N/A       32%         1
 Ozocubu's Armour         Ice            0%         N/A       65%         3
 Fugue of the Fallen      Necr           0%         N/A       69%         3
 Manifold Assault         Tloc           0%         N/A       97%         4


Dungeon Overview and Level Annotations

Branches:
Dungeon (5/15)
 Temple: D:4-7

Altars:
Gozag

Annotations:
D:5 SageDae's ghost, novice MDFi


Innate Abilities, Weirdness & Mutations

You cannot wear most types of armour.
You are amphibious.
You can wear up to eight rings at the same time.
Your skin changes colour to match your surroundings (Stealth+).
Your rubbery body absorbs attacks. (AC +1, EV +1)
((You are camouflaged when in or above water. (Stealth+)))
You have tentacles for arms and can constrict up to eight enemies at once.


Message History

You see here a ribbon worm corpse.
SageDae's ghost turns its malevolent gaze towards you.
You hear a shout!
SageDae's ghost shouts, "What do you have that I didn't have?"
SageDae's ghost grins evilly.
SageDae's ghost crushes a nearby insect and laughs.
SageDae's ghost whispers, "They're coming for you..."
You see here a +0 club.
SageDae's ghost says, "They'll have to sweep you off the floor after I'm finished with you!"
SageDae's ghost grins evilly.
Okay, then.
Okay, then.
Aiming: Dig
Press: ? - help, Shift-Dir - straight line A rock wall.
The rock shatters into small pieces.
The iguana hisses angrily.
SageDae's ghost wails, "They lied to you.
The Dungeon just goes down and down forever."
Okay, then.
Okay, then.
It was a potion of curing.
You feel better. The iguana bites you!
It was a potion of heal wounds.
You feel much better. The iguana bites you.
It was a potion of resistance.
You feel protected. The iguana bites you. SageDae's ghost stares at you.
It was a potion of attraction.
You feel attractive to monsters. The iguana bites you.
You hit the iguana. You grab the iguana.
The iguana is lightly wounded.
You constrict the iguana. The iguana bites you.
You hit the iguana.
The iguana is heavily wounded.
You constrict the iguana. The iguana bites you!
* * * LOW HITPOINT WARNING * * *
You hit the iguana.
The iguana is severely wounded.
You constrict the iguana. The iguana bites you.
You die...

$$T## #.# ''### #.#
....# #.# .l..# #.#
.#### #.# .W# #.#
#.# #.# #.#
#######.#
#.##########....@lW#
#............#######
##############


You could see an iguana and SageDae's ghost.

Vanquished Creatures
  A white imp (D:5)
  A ribbon worm (D:5)
  A quokka (D:5)
3 creatures vanquished.

Notes
Turn   | Place    | Note
-------+----------+-------------------------------------------
     0 | D:5      | Esekla the Octopode Delver began the quest for the Orb.
     0 | D:5      | Reached XP level 1. HP: 16/16 MP: 1/1
    45 | D:5      | Noticed an ice beast
   170 | D:5      | Reached XP level 2. HP: 2/21 MP: 2/2
   181 | D:5      | Noticed a scorpion
   269 | D:5      | Found a runed translucent gate.
   269 | D:5      | Found a runed translucent gate.
   270 | D:5      | Noticed SageDae's ghost (novice MDFi)
   270 | D:5      | Noticed a black bear
   271 | D:5      | Found an opulent altar of Gozag.
   271 | D:5      | Noticed a troll
   273 | D:5      | Found a runed translucent gate.
   513 | D:5      | Slain by an iguana

Illustrated notes

Levels and vault maps discovered:
D:5:      layout_loops_ring, ebering_ghost_gozag, kennysheep_generic_room_4

Action                     || total
---------------------------++-------
  Melee: Falchion          ||    11
         Constrict         ||     3
         Tentacles         ||     3
  Evoke: Wand              ||     1
    Use: Scroll            ||     2
         Potion            ||     6
 Armour: Skin              ||    10
  Dodge: Dodged            ||     5

Table legend: (Time is in decaauts)
 A = Elapsed time spent in this place.
 B = Non-inter-level travel time spent in this place.
 C = Inter-level travel time spent in this place.
 D = Time resting spent in this place.
 E = Time spent auto-exploring this place.
 F = Levels seen in this place.
 G = Mean time per level.
                   A        B        C        D        E       F      G
               +--------+--------+--------+--------+--------+-----+--------+
         Total |    476 |    476 |      0 |      0 |      0 |   1 |  476.0 |
       Dungeon |    476 |    476 |      0 |      0 |      0 |   1 |  476.0 |
               +--------+--------+--------+--------+--------+-----+--------+

Top non-repeatable levels by time:
     D:5: 476 daAuts
